 Dungeon Crawl Stone Soup version 0.30-a0-364-gf6b3ef1049 (webtiles) character file.

Game seed: 449803727601427114

59577 iguanaiguana the Scorcher (level 15, -15/113 HPs)
             Began as a Meteoran Fire Elementalist on Nov 14, 2022.
             Was a High Priest of Kikubaaqudgha.
             Killed from afar by a spriggan druid (32 damage)
             ... with a stone arrow
             ... on level 3 of the Swamp on Nov 15, 2022.
             The game lasted 01:58:28 (5930 turns).

iguanaiguana the Scorcher (MeFE)                    Turns: 5930, Time: 01:58:28

Health: -15/113    AC:  6    Str: 12    XL:     15   Next: 79%
Magic:  6/30       EV: 13    Int: 29    God:    Kikubaaqudgha [*****.]
Gold:   1790       SH:  0    Dex: 15    Spells: 1/34 levels left

rFire   + . .      SeeInvis .    s - staff of fire
rCold   . . .      Faith    .    (no shield)
rNeg    . . .      Spirit   .    T - +2 robe
rPois   +          Reflect  .    k - +0 hat
rElec   .          Harm     .    G - +0 cloak
rCorr   .          Rampage  .    (no gloves)
Will    +....                    K - +0 pair of boots {Fly}
Stlth   +.........               A - amulet of regeneration
HPRegen 1.18/turn                f - ring of the Morning {Fly rPois}
MPRegen 0.22/turn                C - +6 ring of intelligence

@: lethally poisoned (-15 -> -16), death channelling, flying, glowing
A: sense surroundings 2, otherworldly, glowing, explore regen
a: Renounce Religion, Unearth Wretches, Torment


You were on level 3 of the Swamp.
You worshipped Kikubaaqudgha.
Kikubaaqudgha was extremely pleased with you.
You visited 4 branches of the dungeon, and saw 25 of its levels.
You also visited: Gauntlet.

You collected 1790 gold pieces.

Inventory:

Hand Weapons
 E - a +0 dagger of freezing
 M - a +1 scimitar of freezing
Missiles
 m - 6 silver javelins
 p - 2 curare-tipped darts
 y - a throwing net
 F - 3 silver boomerangs
Armour
 k - a +0 hat (worn)
 q - an orb of guile
 B - +0 acid dragon scales
 G - a +0 cloak (worn)
 K - a +0 pair of boots of flying (worn)
 S - a +2 plate armour of willpower
 T - a +2 robe (worn)
 Z - the +3 ring mail "Zacsa" {-Tele Will+ Slay+3}
   (You found it on level 2 of the Lair of Beasts)

   Slay:      It affects your accuracy & damage with ranged weapons and melee
   (+3).
   -Tele:     It prevents most forms of teleportation.
   Will:      It increases your willpower.
Magical Staves
 s - a staff of fire (weapon)
Jewellery
 f - the ring of the Morning (left hand) {Fly rPois}
   (You found it on level 9 of the Dungeon)

   [ring of flight]

   rPois:     It protects you from poison.
   Fly:       It grants you flight.
 i - a +4 ring of protection
 t - a ring of protection from fire
 x - a +6 ring of strength
 A - an amulet of regeneration (around neck)
 C - a +6 ring of intelligence (right hand)
 D - a ring of see invisible
 J - a +6 ring of dexterity
 Q - a ring of ice
Wands
 h - a wand of roots (8)
 j - a wand of flame (21)
 n - a wand of paralysis (10)
 H - a wand of acid (1) {@v1}
 N - a wand of digging (12) {@v3}
Scrolls
 a - a scroll of amnesia
 c - 8 scrolls of teleportation {@r3}
 g - 3 scrolls of poison
 l - 3 scrolls of vulnerability
 o - 3 scrolls of magic mapping {@r5}
 u - a scroll of brand weapon
 v - a scroll of torment {unknown}
 I - 3 scrolls of fog
 L - a scroll of enchant weapon
 O - 2 scrolls of blinking {@r4}
Potions
 b - a potion of magic
 d - a potion of cancellation
 e - 2 potions of flight
 r - 4 potions of curing {@q1}
 w - 4 potions of resistance {@q5}
 z - 5 potions of attraction
 U - 2 potions of might {unknown}
 V - a potion of mutation {unknown}
 W - 3 potions of heal wounds {@q2}
 X - 2 potions of lignification
 Y - a potion of haste {unknown}
Miscellaneous
 P - a phial of floods
 R - a lightning rod (2/4)


   Skills:
 - Level 5.1 Fighting
 - Level 1.6 Armour
 - Level 3.2 Dodging
 - Level 1.4 Stealth
 - Level 10.0 Spellcasting
 - Level 1.2 Conjurations
 - Level 16.4 Necromancy
 - Level 9.0 Translocations
 + Level 19.1 Fire Magic
 - Level 1.7 Ice Magic
 - Level 7.5 Earth Magic


You had one spell level left.
You knew the following spells:

 Your Spells              Type           Power      Damage    Failure   Level
a - Foxfire               Conj/Fire      100%       2x1d9     1%          1
b - Scorch                Fire           100%       2d10      0%          2
c - Borgnjor's Vile Clut  Necr/Erth      35%        N/A       1%          5
d - Animate Dead          Necr           83%        N/A       1%          4
e - Death Channel         Necr           41%        N/A       1%          6
f - Vampiric Draining     Necr           83%        2d11      0%          3
g - Ignition              Fire           56%        3d15      10%         8
l - Passage of Golubria   Tloc           61%        N/A       1%          4

Your spell library contained the following spells:

 Spells                   Type           Power      Damage    Failure   Level
 Necrotise                Necr           100%       1d9       0%          1
 Kiss of Death            Conj/Necr      100%       2d13      1%          1
 Slow                     Hex            56%        N/A       3%          1
 Blink                    Tloc           100%       N/A       1%          2
 Cigotuvi's Dreadful Rot  Necr/Pois/Air  92%        N/A       1%          2
 Momentum Strike          Conj/Tloc      88%        3d10      1%          2
 Ignite Poison            Fire/Tmut/Pois 67%        N/A       1%          3
 Inner Flame              Hex/Fire       81%        N/A       1%          3
 Kindle Blastsparks       Fire/Tloc/Air  100%       2d18      1%          3
 Lesser Beckoning         Tloc           100%       N/A       1%          3
 Anguish                  Hex/Necr       29%        N/A       1%          4
 Dispel Undead            Necr           83%        3d27      1%          4
 Flame Wave               Conj/Fire      83%        2d18      1%          4
 Manifold Assault         Tloc           61%        N/A       1%          4
 Sticky Flame             Conj/Fire      83%        2d9       1%          4
 Ozocubu's Armour         Ice            24%        N/A       5%          3
 Confusing Touch          Hex            14%        N/A       11%         3
 Tukima's Dance           Hex            14%        N/A       11%         3
 Simulacrum               Ice/Necr       30%        N/A       14%         6
 Olgreb's Toxic Radiance  Pois           14%        N/A       36%         4
 Summon Lightning Spire   Summ/Air       14%        N/A       36%         4
 Metabolic Englaciation   Hex/Ice        9%         N/A       58%         5
 Irradiate                Conj/Tmut      9%         3d14      63%         5
 Blade Hands              Tmut           7%         N/A       71%         5
 Yara's Violent Unravell  Hex/Tmut       7%         3d5       71%         5
 Dragon Form              Tmut           7%         N/A       100%        7
 Ozocubu's Refrigeration  Ice            12%        4d10      100%        7
 Storm Form               Tmut/Air       7%         N/A       100%        7
 Maxwell's Capacitive Co  Air            7%         ∞         100%        8


Dungeon Overview and Level Annotations

Branches:
Dungeon (15/15) Zot: 5622  Temple (0/1) D:6            Lair (5/5) D:11 Zot: 1526
  Swamp (3/4) Lair:2 Zot: 1481   Slime (0/5) Lair:5          Orc (2/2) D:9 Zot: 749
Gauntlet (visited)
  Snake: Lair:2-3    Spider: Lair:2-3       Elf: Orc:2       Vaults: D:13-14
 Depths: D:15

Altars:
Kikubaaqudgha
Makhleb
Qazlal
Ru
Zin
Jiyva

Shops:
D:12 :   Orc:2 [

Annotations:
D:5 2 transporters, DeathPants's ghost, amateur MiMo
D:6 exclusion: downstairs
Swamp:2 3 runed translucent doors
Orc:2 Donald


Innate Abilities, Weirdness & Mutations

You passively map the area around you.
You are easily found by Zot.
You glow in the dark.
You regain HP and MP as you explore.


Message History

Gang up on whom?
Press: ? - help, Dir - move target, f - spriggan druid
Aim: a spriggan druid, wielding a +0 quarterstaff and wearing a +0 robe (severely wounded, ally target) Attack!
A root smacks your spectral alligator from below!!
Your spectral swamp dragon is hit by a branch!
You are hit by a branch!
The will-o-the-wisp gestures.
The will-o-the-wisp conjures some foxfire!
The spriggan druid hits your spectral tyrant leech with a +0 quarterstaff!
Your spectral tyrant leech is destroyed! 2 foxfires come into view.
A root smacks your spectral alligator from below!
You are hit by a branch!
* * * LOW HITPOINT WARNING * * *
The foxfire hits your spectral swamp dragon!!
You feel roots moving beneath the ground.
A root smacks you from below!
* * * LOW HITPOINT WARNING * * *
The foxfire hits your spectral swamp dragon!
The will-o-the-wisp gestures.
The will-o-the-wisp conjures some foxfire!
The spriggan druid calls out to the beasts of the wild!
Your spectral alligator misses the spriggan druid.
Your spectral alligator completely misses the spriggan druid. 2 foxfires come into view.
Branches wave dangerously above you.
Your spectral swamp dragon is hit by a branch!
Your spectral swamp dragon is destroyed!
The foxfire hits you! You resist.
* * * LOW HITPOINT WARNING * * *
The foxfire hits you! You resist.
* * * LOW HITPOINT WARNING * * *
An eight-headed hydra comes into view.
The will-o-the-wisp gestures.
The will-o-the-wisp conjures some foxfire!
The spriggan druid gestures at you while chanting.
The stone arrow hits you!!
You die...
Kikubaaqudgha rasps: "You have failed me!
Welcome... death!"

, ~ *♣~..♣♣ ~~~ ♣. ...~§~§ ~
D~..♣ ~~* ♣.♣ ~~§§~...~ ♣♣..~♣
*,~ ~♣♣♣♣♣♣♣. ~i~~~~~.♣ , ♣....♣
*♣♣.~♣.♣♣.< ♣§§§..~~~* *♣v..♣
♣....~..♣.
♣~..~~§.♣♣♣♣♣♣♣§v♣♣♣♣♣♣♣..~♣.~...
♣§~.~.~.♣.♣§§°~§§v♣♣~.♣♣...~.~~~♣
♣~~~~.~.......~<§§...~.).~...♣~.~
♣...~....~~.Zi°<@°....~....♣♣.~..
*~~~.~~..♣♣§.○[°~~♣~~~♣♣..♣♣♣♣~..
♣~~~.~○~♣♣♣♣♣♣♣°○♣♣♣♣♣♣♣.♣♣ ♣♣~.
♣~~~~~~~~ ♣...♣ ♣.♣ ♣♣~
♣.~§~i..~♣ * ♣..♣♣ ♣.♣* *♣
.♣~~~~.♣~~ ♣~.♣ ** ... ♣...~~.
.~. ♣..~♣ *>.♣* ♣~~~.~~,..♣
♣~..♣* ~..♣ ~.~~~~~ .♣♣ ♣...~ * ,
, ~


You could see an eight-headed hydra (wandering), a spriggan druid (ally target),
a will-o-the-wisp and a friendly spectral alligator.

Vanquished Creatures
  An orc warlord (Orc:2)
  An eleionoma (Swamp:2)
  A shambling mangrove (Swamp:2)
  A catoblepas (Lair:5)
  2 hydras (Swamp:2)
  A boulder beetle (Lair:5)
  2 tengu warriors
  An orc high priest (Orc:1)
  A soul eater (Gauntlet)
  A spriggan rider (Swamp:2)
  A bog body (Swamp:2)
  A swamp dragon (Swamp:2)
  2 orc knights (Orc:2)
  A wizard (Gauntlet)
  A wolf spider (Lair:5)
  4 orc sorcerers (Orc:2)
  A will-o-the-wisp (Swamp:2)
  2 deep elf pyromancers
  A cyclops (D:12)
  2 manticores (Lair:5)
  2 elephants (Lair:5)
  A rust devil (Gauntlet)
  3 cane toads
  3 black mambas (Lair:5)
  A gargoyle (D:11)
  A rime drake (Lair:5)
  3 komodo dragons
  4 trolls
  4 tyrant leeches
  A blink frog (Lair:3)
  A jumping spider (Lair:2)
  A culicivora (Lair:2)
  6 wyverns
  A ynoxinul (Gauntlet)
  20 yaks
  A redback (Lair:5)
  3 vampire mosquitoes (D:14)
  A naga (Gauntlet)
  4 acid dragons
  A warg (Orc:2)
  3 swamp worms
  6 water moccasins
  9 orc warriors
  A sky beast (D:6)
  3 ogres
  A wolf (Lair:2)
  A centaur (D:8)
  2 bullfrogs (Lair:2)
  2 necrophages (D:6)
  A scorpion (D:4)
  5 wights
  7 killer bees
  2 crimson imps (Gauntlet)
  A gnoll bouda (Orc:2)
  4 hounds
  A jelly (D:5)
  4 orc priests (Orc:1)
  3 iron imps (Gauntlet)
  7 orc wizards
  Ijyb (D:3)
  An iguana (D:5)
  A gnoll (Orc:1)
  3 adders
  3 shadow imps
  A white imp (D:6)
  2 ufetubi
  18 orcs
  3 bats
  An endoplasm (D:1)
  A giant cockroach (D:4)
  10 goblins
  2 hobgoblins (D:1)
  10 kobolds
  A quokka (D:1)
  6 ball pythons
  A frilled lizard (D:1)
  4 rats (D:1)
222 creatures vanquished.

Vanquished Creatures (collateral kills)
  A minotaur (Gauntlet)
  A bunyip (Swamp:2)
  4 hydras (Lair:5)
  An alligator (Swamp:3)
  A boulder beetle (Lair:5)
  3 two-headed ogres
  A goliath frog (Swamp:2)
  2 swamp dragons
  2 lindwurms (Lair:5)
  An orc sorcerer (Orc:2)
  2 wolf spiders
  10 elephants (Lair:5)
  2 cyclopes (D:11)
  4 black mambas
  A guardian serpent (Lair:5)
  4 cane toads (Lair:5)
  2 torpor snails
  2 komodo dragons (Lair:2)
  2 rime drakes (Lair:5)
  2 polar bears (Lair:5)
  A tyrant leech (Swamp:2)
  5 hornets
  12 blink frogs (Lair:5)
  A dream sheep (Lair:5)
  3 slime creatures (Gauntlet)
  3 jumping spiders (Lair:2)
  A spriggan (Swamp:2)
  4 culicivoras (Lair:2)
  4 wyverns (Lair:5)
  A vampire (D:11)
  A basilisk (Lair:5)
  2 wraiths (D:11)
  A redback (Lair:5)
  32 yaks
  A warg (Orc:2)
  3 swamp worms (Swamp:2)
  15 water moccasins
  3 orc warriors
  2 ogres (Orc:1)
  5 wolves (Lair:2)
  A centaur (D:10)
  3 killer bees
  A jelly (Gauntlet)
  4 orc priests
  4 orc wizards
  5 hell rats (Lair:2)
  A gnoll (Orc:2)
  A worm (D:2)
  12 orcs
  A goblin (D:3)
  A ball python (D:2)
182 creatures vanquished.

Vanquished Creatures (others)
  A bunyip (Gauntlet)
  A hydra (Gauntlet)
  A jorogumo (Gauntlet)
  An alligator (Gauntlet)
  A sea snake (Gauntlet)
  A goliath frog zombie (Swamp:2)
  3 wolf spider zombies
  A wolf spider (Gauntlet)
  A black mamba (Gauntlet)
  A redback zombie (Lair:5)
  2 bloated husks (Swamp:3)
  A tyrant leech (Gauntlet)
  A jumping spider zombie (Lair:2)
  An alligator zombie (Gauntlet)
  A guardian serpent zombie (Lair:5)
  5 black mamba zombies
  A tyrant leech zombie (Swamp:3)
  A slime creature zombie (Gauntlet)
  A spriggan zombie (Swamp:2)
  2 wargs
  2 cane toad zombies (Lair:5)
  A swamp dragon zombie (Swamp:2)
  A hornet zombie (Lair:5)
  An elephant zombie (Lair:5)
  A manticore zombie (Lair:5)
  A rime drake zombie (Lair:5)
  2 wyvern zombies (Lair:5)
  7 water moccasin zombies (Lair:5)
  2 warg zombies
  2 yak zombies (Lair:5)
  A centaur zombie (D:8)
  An orc priest (Orc:2)
  6 killer bee zombies
  4 ogre zombies
  An acid dragon zombie (D:14)
  A gnoll zombie (Orc:2)
  3 goblin zombies (D:3)
  3 kobold zombies (D:9)
  22 orc zombies
  164 foxfires
  36 fungi
  61 plants
  2 withered plants (Gauntlet)
353 creatures vanquished.

Grand Total: 757 creatures vanquished

Notes
Turn   | Place    | Note
-------+----------+-------------------------------------------
     0 | D:1      | iguanaiguana the Meteoran Fire Elementalist began the quest
                  | for the Orb.
     0 | D:1      | Reached XP level 1. HP: 14/14 MP: 5/5
   290 | D:1      | Reached skill level 4 in Fire Magic
   290 | D:1      | Reached XP level 2. HP: 5/20 MP: 0/6
   299 | D:1      | Learned a level 2 spell: Scorch
   321 | D:1      | Found a faded altar of an unknown god.
   328 | D:1      | Prayed at the altar of an unknown god.
   328 | D:1      | Became a worshipper of Kikubaaqudgha
   328 | D:1      | Reached * piety under Kikubaaqudgha
   328 | D:1      | Received a gift from Kikubaaqudgha
   358 | D:1      | Reached skill level 1 in Necromancy
   411 | D:1      | Reached XP level 3. HP: 19/26 MP: 2/8
   624 | D:5      | Entered Level 5 of the Dungeon
   637 | D:6      | Learned a level 3 spell: Vampiric Draining
   672 | D:5      | Reached XP level 4. HP: 33/33 MP: 2/9
   721 | D:5      | Reached XP level 5. HP: 38/38 MP: 6/10
   737 | D:5      | Found a transporter.
   740 | D:5      | Found a transporter.
   740 | D:5      | Noticed DeathPants's ghost (amateur MiMo)
   783 | D:5      | Noticed an orc warrior
   916 | D:5      | Reached skill level 5 in Necromancy
   916 | D:5      | Reached XP level 6. HP: 40/45 MP: 6/11
   921 | D:5      | Learned a level 4 spell: Animate Dead
  1019 | D:3      | Noticed Ijyb
  1022 | D:3      | Reached ** piety under Kikubaaqudgha
  1041 | D:3      | Killed Ijyb
  1274 | D:4      | Reached XP level 7. HP: 50/50 MP: 10/12
  1317 | D:6      | Found a glowing silver altar of Zin.
  1329 | D:6      | Found a staircase to the Ecumenical Temple.
  1427 | D:6      | Reached XP level 8. HP: 57/57 MP: 5/13
  1730 | D:9      | Identified the ring of the Morning {Fly rPois}
  1744 | D:9      | Noticed a wyvern
  1754 | D:9      | Killed a wyvern
  1755 | D:9      | Reached skill level 5 in Fire Magic
  1776 | D:10     | Entered Level 10 of the Dungeon
  1831 | D:8      | Reached skill level 6 in Fire Magic
  1836 | D:8      | Reached skill level 1 in Fighting
  1852 | D:8      | Gained mutation: You passively map the area around you.
                  | [Meteoran growth]
  1852 | D:8      | Reached XP level 9. HP: 61/70 MP: 2/14
  2026 | D:9      | Reached skill level 5 in Fighting
  2145 | D:9      | Reached skill level 1 in Armour
  2172 | D:8      | Reached *** piety under Kikubaaqudgha
  2172 | D:8      | Received a gift from Kikubaaqudgha
  2396 | D:9      | Noticed a two-headed ogre
  2404 | D:9      | Killed a two-headed ogre
  2405 | D:9      | Reached XP level 10. HP: 81/81 MP: 13/17
  2411 | D:9      | Learned a level 5 spell: Borgnjor's Vile Clutch
  2422 | D:9      | Found a staircase to the Orcish Mines.
  2426 | D:9      | Upgraded the game from 0.30-a0-360-g447f08457e to
                  | 0.30-a0-364-gf6b3ef1049
  2457 | Orc:1    | Entered Level 1 of the Orcish Mines
  2466 | Orc:1    | Reached skill level 5 in Spellcasting
  2470 | Orc:1    | Noticed an orc high priest
  2479 | Orc:1    | Killed an orc high priest
  2480 | Orc:1    | Reached skill level 10 in Necromancy
  2567 | Orc:1    | Reached XP level 11. HP: 57/86 MP: 10/21
  2601 | Orc:1    | Reached **** piety under Kikubaaqudgha
  2655 | Orc:1    | Learned a level 6 spell: Death Channel
  2740 | Orc:2    | Entered Level 2 of the Orcish Mines
  2740 | Orc:2    | Noticed an orc sorcerer
  2740 | Orc:2    | Noticed an orc sorcerer
  2740 | Orc:2    | Noticed an orc knight
  2740 | Orc:2    | Noticed an orc knight
  2740 | Orc:2    | Noticed an orc warlord
  2740 | Orc:2    | Found Ziynwuul's Antique Armour Emporium.
  2751 | Orc:2    | Noticed an orc sorcerer
  2752 | Orc:2    | Noticed an orc sorcerer
  2752 | Orc:2    | Killed an orc sorcerer
  2753 | Orc:2    | Noticed an orc sorcerer
  2753 | Orc:2    | Killed an orc knight
  2754 | Orc:2    | Noticed a two-headed ogre
  2755 | Orc:2    | Noticed an orc warlord
  2759 | Orc:2    | Killed an orc sorcerer
  2759 | Orc:2    | Killed an orc warlord
  2760 | Orc:2    | Killed an orc knight
  2763 | Orc:2    | Killed an orc sorcerer
  2763 | Orc:2    | Noticed an orc sorcerer
  2768 | Orc:2    | Killed a two-headed ogre
  2821 | Orc:2    | Noticed Donald
  2910 | D:9      | Learned a level 4 spell: Passage of Golubria
  2957 | D:8      | Found a stormy altar of Qazlal.
  3020 | D:10     | Found a sacrificial altar of Ru.
  3052 | D:10     | Reached XP level 12. HP: 62/94 MP: 5/24
  3137 | D:10     | Found a burning altar of Makhleb.
  3242 | D:10     | Noticed a two-headed ogre
  3249 | D:10     | Killed a two-headed ogre
  3410 | D:11     | Reached skill level 15 in Necromancy
  3410 | D:11     | Reached skill level 1 in Ice Magic
  3428 | D:11     | You are sucked into a shaft and drop 3 floors!
  3458 | D:15     | Entered Level 15 of the Dungeon
  3496 | D:14     | Noticed a deep elf pyromancer
  3502 | D:14     | Noticed a tengu warrior
  3505 | D:14     | Killed a deep elf pyromancer
  3511 | D:14     | Killed a tengu warrior
  3560 | D:13     | Found a gate leading to a gauntlet.
  3563 | Gauntlet | Entered a Gauntlet
  3563 | Gauntlet | Noticed a soul eater
  3563 | Gauntlet | Noticed a death scarab
  3563 | Gauntlet | Noticed a death scarab
  3563 | Gauntlet | Found a transporter.
  3563 | Gauntlet | Found a transporter.
  3563 | Gauntlet | Found a transporter.
  3564 | Gauntlet | Found a transporter.
  3576 | Gauntlet | Found a transporter.
  3589 | Gauntlet | Killed a soul eater
  3590 | Gauntlet | Reached XP level 13. HP: 45/100 MP: 16/25
  3607 | Gauntlet | Found a transporter.
  3610 | Gauntlet | Found a transporter.
  3650 | Gauntlet | Found a transporter.
  3655 | Gauntlet | Found a transporter.
  3700 | Gauntlet | Found a transporter.
  3762 | Gauntlet | Found a transporter.
  3805 | Gauntlet | Noticed a minotaur
  3868 | Gauntlet | Killed a minotaur
  3927 | Gauntlet | Found the +9 heavy crossbow "Sniper" {vorpal, Acc+∞ SInv}
  3964 | D:12     | Found Yfoiw's Book Boutique.
  3993 | D:11     | Reached skill level 7 in Fire Magic
  4069 | D:10     | Found an ancient bone altar of Kikubaaqudgha.
  4153 | D:11     | Found a staircase to the Lair.
  4161 | Lair:1   | Entered Level 1 of the Lair of Beasts
  4192 | Lair:1   | Reached skill level 8 in Fire Magic
  4344 | Lair:2   | Reached skill level 9 in Fire Magic
  4360 | Lair:2   | Reached skill level 10 in Fire Magic
  4460 | Lair:2   | Identified the +3 ring mail "Zacsa" {-Tele Will+ Slay+3}
  4497 | Lair:2   | Found a staircase to the Swamp.
  4695 | Lair:4   | Reached skill level 10 in Spellcasting
  4729 | Lair:5   | Entered Level 5 of the Lair of Beasts
  4745 | Lair:5   | Paralysed by a hornet for 3 turns
  4771 | Lair:5   | Reached XP level 14. HP: 58/107 MP: 6/29
  4774 | Lair:5   | Reached skill level 11 in Fire Magic
  4849 | Lair:5   | Reached skill level 12 in Fire Magic
  4933 | Lair:5   | Reached skill level 13 in Fire Magic
  4946 | Lair:5   | Reached ***** piety under Kikubaaqudgha
  4975 | Lair:5   | Found a staircase to the Slime Pits.
  4976 | Lair:5   | Found a viscous altar of Jiyva.
  4982 | Lair:5   | Reached skill level 14 in Fire Magic
  5136 | Lair:5   | Reached skill level 15 in Fire Magic
  5137 | Lair:5   | HP: 5/107 [lindwurm (13)]
  5229 | Lair:5   | Reached skill level 16 in Fire Magic
  5231 | Lair:5   | Reached XP level 15. HP: 113/113 MP: 6/30
  5444 | Lair:5   | Reached skill level 17 in Fire Magic
  5614 | Swamp:1  | Entered Level 1 of the Swamp
  5654 | Swamp:2  | Learned a level 8 spell: Ignition
  5752 | Swamp:2  | Reached skill level 18 in Fire Magic
  5775 | Swamp:2  | Found a runed translucent gate.
  5776 | Swamp:2  | Found a runed translucent gate.
  5777 | Swamp:2  | Found a runed translucent gate.
  5925 | Swamp:3  | Reached skill level 19 in Fire Magic
  5930 | Swamp:3  | Killed from afar by a spriggan druid

Illustrated notes

Levels and vault maps discovered:
D:1:      minmay_arrival_widening_spiral_narrow, layout_basic,
          hellmonk_ecumenical_altar_arch_garden, minmay_box_of_dots
D:2:      layout_basic, uniq_robin
D:3:      kennysheep_the_goblin_king, layout_basic, nrook_campfire,
          grunt_ministairs_1, cheibrodos_gnoll_hut
D:4:      kb_forest_paths, layout_basic, uniq_edmund
D:5:      layout_gridville, gammafunk_ghost_arena,
          hangedman_abyss_or_decor_lesser_grid
D:6:      layout_basic, general_overflow_altar, minmay_temple_entry_trees
D:7:      layout_rooms, mainiacjoe_overflow_surrounded_room,
          grunt_temple_overflow_cloverleaf, uniq_crazy_yiuf_cottage
D:8:      layout_loops_ring, nicolae_tso_carved_into_rock,
          mainiacjoe_overflow_brackets
D:9:      layout_basic, orc_david_3, minmay_variable_closet
D:10:     layout_long_grid, nicolae_overflow_hidden_temple, uniq_erica
D:11:     layout_rooms, lair_entry_dummy
D:12:     layout_basic, serial_shops, nicolae_shop_statue_plus, kennysheep_mini,
          nicolae_lakefront_shop, minmay_misc_feat_encased
D:13:     layout_roguey, hangedman_vaults_entry_quadrant_bands,
          gauntlet_entry_generic, uniq_frances
D:14:     layout_basic, grunt_decor_resistance, uniq_jorgrun
D:15:     gammafunk_depths_entry_grave, layout_layer_cave, serial_park_fountain,
          minmay_misc_feat_pillars
Lair:1:   layout_roguey, columned_hall_lemuel
Lair:2:   layout_small_grid, minmay_swamp_entry_worms,
          nicolae_spider_entry_tight_spaces
Lair:3:   regret_index_tunnel_blossom, layout_regular_city
Lair:4:   layout_loops_ring, lemuel_fruit_fields, uniq_nessos
Lair:5:   hangedman_lair_in_review, layout_layer_cave,
          hangedman_lair_tendril_chambers, slime_entry_1, st_stairs_4
Swamp:1:  layout_falls_marsh, gammafunk_ghost_abyssal_escape,
          hangedman_swamp_cone, swamp_pool1
Swamp:2:  layout_basic_swamp, ebering_ghost_rock_garden,
          evilmike_swamp_ruin_house_6, nicolae_swamp_triple_paths
Swamp:3:  nicolae_swamp_husk_halls, layout_falls_marsh,
          evilmike_swamp_ruin_rubble_1
Orc:1:    layout_diamond_mine
Orc:2:    grunt_orc_gardens, layout_diamond_mine, grunt_orc_garden,
          grunt_orc_garden, grunt_orc_garden, grunt_orc_garden, enter_volcano_4,
          uniq_donald, uniq_josephine

Skill      XL: |  1  2  3  4  5  6  7  8  9 10 11 12 13 14 15 |
---------------+----------------------------------------------+-----
Fire Magic     | 4 6 10 16 19 | 19.1
Necromancy     | 1 3 5 6 8 9 11 13 15 16 | 16.4
Fighting       | 3 5 |  5.1
Dodging        | 3 |  3.2
Armour         | 1 |  1.6
Earth Magic    | 7 |  7.5
Spellcasting   | 4 6 7 10 | 10.0
Translocations | 6 9 |  9.0
Ice Magic      | 1 |  1.7
Stealth        | |  1.4
Conjurations   | |  1.2

Action                   |  1- 3 |  4- 6 |  7- 9 | 10-12 | 13-15 || total
-------------------------+-------+-------+-------+-------+-------++-------
Melee: Trident           |       |    13 |       |     4 |       ||    17
       Staff             |       |     2 |    18 |    54 |    37 ||   111
       Punch             |       |     1 |       |     2 |     2 ||     5
       Dagger            |       |       |    23 |    52 |    60 ||   135
Throw: Dart              |       |       |     5 |       |       ||     5
 Cast: Foxfire           |    24 |    21 |    23 |    15 |     1 ||    84
       Scorch            |     7 |    17 |    46 |    15 |    21 ||   106
       Animate Dead      |       |     2 |     8 |    10 |    18 ||    38
       Vampiric Draining |       |       |     2 |       |     1 ||     3
       Borgnjor's Vile C |       |       |       |    29 |   104 ||   133
       Passage of Golubr |       |       |       |    26 |    20 ||    46
       Death Channel     |       |       |       |     8 |    29 ||    37
       Ignition          |       |       |       |       |     7 ||     7
Invok: Unearth Wretches  |       |       |       |     5 |     4 ||     9
Evoke: Wand              |       |       |     9 |     4 |     3 ||    16
       Lightning rod     |       |       |       |       |     3 ||     3
  Use: Scroll            |       |     3 |     4 |     4 |     7 ||    18
       Potion            |       |     1 |       |       |     5 ||     6
 Stab: Paralysed         |       |       |    22 |     1 |     4 ||    27
       Distracted        |       |       |       |     2 |     2 ||     4
Armor: Robe              |    10 |    31 |    25 |       |     5 ||    71
       Acid dragon scale |       |       |     6 |   117 |   120 ||   243
       Skin              |       |       |       |       |     1 ||     1
Dodge: Dodged            |    11 |    31 |    53 |   100 |   128 ||   323

Table legend: (Time is in decaauts)
 A = Elapsed time spent in this place.
 B = Non-inter-level travel time spent in this place.
 C = Inter-level travel time spent in this place.
 D = Time resting spent in this place.
 E = Time spent auto-exploring this place.
 F = Levels seen in this place.
 G = Mean time per level.
                   A        B        C        D        E       F      G
               +--------+--------+--------+--------+--------+-----+--------+
         Total |   5989 |   5600 |    389 |     26 |    129 |  26 |  230.3 |
       Dungeon |   3377 |   3089 |    288 |      0 |    129 |  15 |  225.1 |
          Lair |   1473 |   1457 |     16 |      0 |      0 |   5 |  294.6 |
         Swamp |    317 |    309 |      8 |      0 |      0 |   3 |  105.7 |
  Orcish Mines |    450 |    373 |     77 |      0 |      0 |   2 |  225.0 |
      Gauntlet |    370 |    370 |      0 |     26 |      0 |   1 |  370.0 |
               +--------+--------+--------+--------+--------+-----+--------+

Top non-repeatable levels by time:
  Lair:5: 804 daAuts
     D:9: 543 daAuts
     D:1: 503 daAuts
    D:10: 456 daAuts
  Lair:2: 421 daAuts
   Orc:1: 419 daAuts
Gauntlet: 370 daAuts
     D:5: 347 daAuts
     D:8: 318 daAuts
     D:6: 315 daAuts
 Swamp:2: 215 daAuts
    D:11: 199 daAuts
     D:4: 159 daAuts
     D:2: 139 daAuts
     D:3: 131 daAuts
